[Event "January 9 Early 2024"]
[Site "https://www.chess.com"]
[Date "2024.01.11"]
[Round "9"]
[White "Khouri, Ahmed Abbas"]
[Black "Batsiashvili, Nino"]
[Result "1-0"]
[Board "216"]
[TimeControl "180+1"]
[WhiteFideId "9301518"]
[BlackFideId "13602993"]
[WhiteElo "2329"]
[BlackElo "2508"]
[WhiteTeam "UAE"]
[BlackTeam "GEO"]
[WhiteClock "0:00:07"]
[BlackClock "0:00:12"]

1. e4 a6 2. d4 b5 3. Bd3 e6 4. Nf3 Bb7 5. O-O Nf6 6. Re1 c5 7. c3 Be7 8. Nbd2 Nc6 9. Nf1 Rc8 10. a3 cxd4 11. cxd4 d5 12. e5 Ne4 13. Ng3 Na5 14. b4 Nc3 15. Qc2 Na4 16. Qd1 Nc4 17. Bf4 a5 18. Nd2 axb4 19. axb4 Nab2 20. Qf3 Nxd3 21. Qxd3 Bxb4 22. Rab1 Bxd2 23. Bxd2 Nxd2 24. Qxd2 Bc6 25. Nh5 O-O 26. Rb3 f5 27. exf6 Rxf6 28. Nxf6+ Qxf6 29. Rf3 Qg6 30. Rc1 Bd7 31. Rxc8+ Bxc8 32. h3 h6 33. Qc3 Bd7 34. Qc7 Qe8 35. Qd6 Kh7 36. Rc3 b4 37. Rc7 Bb5 38. Qe5 Qg6 39. Rb7 Bd3 40. Rxb4 Be4 41. g3 Bf3 42. Rb7 Be4 43. Kh2 h5 44. Qf4 Bf5 45. Qe5 Be4 46. Rb8 Bf5 47. Ra8 Qg5 48. Qb8 Qd2 49. Qg8+ Kg6 50. Qe8+ Kh7 51. Qg8+ Kg6 52. Qe8+ Kh7 53. Qxh5+ Qh6 54. Qxh6+ Kxh6 55. f3 Kg6 56. g4 Bd3 57. Kg3 Kf6 58. Kf4 g5+ 59. Ke3 Bf1 60. Rf8+ Kg6 61. Ra8 Bxh3 62. Ra6 Kf6 63. Ra1 e5 64. Rg1 exd4+ 65. Kxd4 Ke6 66. Ke3 Ke5 67. Kf2 Kf4 68. Rh1 Bxg4 69. fxg4 Kxg4 70. Rd1 Kh3 71. Rxd5 g4 72. Rd3+ Kh2 73. Rg3 Kh1 74. Rxg4 Kh2 75. Rg3 Kh1 76. Rh3# 1-0

[Event "January 9 Early 2024"]
[Site "https://www.chess.com"]
[Date "2024.01.11"]
[Round "9"]
[White "Hnatyshyn, Anastasiia"]
[Black "Valle Luis, Leo"]
[Result "1/2-1/2"]
[Board "217"]
[TimeControl "180+1"]
[WhiteFideId "14198339"]
[BlackFideId "54577187"]
[WhiteElo "2290"]
[BlackElo "2485"]
[WhiteTeam "UKR"]
[BlackTeam "ESP"]
[WhiteClock "0:00:03"]
[BlackClock "0:00:03"]

1. Nc3 d5 2. e4 c6 3. d4 dxe4 4. Nxe4 Nf6 5. Nxf6+ exf6 6. Be3 Bd6 7. Bd3 O-O 8. Ne2 Nd7 9. c3 Re8 10. Qc2 Nf8 11. O-O-O Be6 12. c4 Rc8 13. Nc3 b5 14. c5 Bb8 15. d5 cxd5 16. Bxb5 Re7 17. h4 Be5 18. f4 Bxc3 19. Qxc3 Bf5 20. Rhg1 Bg4 21. Rd2 Ne6 22. Kb1 Rec7 23. b4 Rb8 24. Ba4 Rcb7 25. a3 a5 26. b5 Rxb5+ 27. Bxb5 Rxb5+ 28. Ka1 a4 29. Rb1 Rxb1+ 30. Kxb1 Bf5+ 31. Ka1 h5 32. c6 Be4 33. Qb4 d4 34. Bxd4 Bxc6 35. Be3 Qe8 36. f5 Nc7 37. Bf2 Nd5 38. Qc5 Nf4 39. g3 Nh3 40. Be3 Kh7 41. Rd6 Bg2 42. Qd4 Qe5 43. Qxe5 fxe5 44. Ra6 f6 45. Rxa4 Bc6 46. Ra6 Be4 47. a4 Bxf5 48. Ra7 Bd3 49. a5 Kg6 50. Ra8 Be4 51. Rb8 f5 52. a6 f4 53. gxf4 exf4 54. Bd4 f3 55. a7 f2 56. Bxf2 Nxf2 57. a8=Q Bxa8 58. Rxa8 Ne4 59. Ra5 Nf6 60. Kb2 Kh6 61. Kc3 g6 62. Kd3 Ne8 63. Kd4 Ng7 64. Ke5 Nf5 65. Ra4 Ng3 66. Kf6 Nf5 67. Ra8 Kh7 68. Ra7+ Kh6 69. Ra8 Kh7 70. Kg5 Kg7 71. Ra7+ Kf8 72. Kf6 Ke8 73. Kxg6 Nxh4+ 74. Kxh5 Nf5 75. Kg6 Nd6 76. Kf6 Kd8 77. Ke6 Nc8 78. Rh7 Nb6 79. Kd6 Nc8+ 80. Ke6 Nb6 81. Kd6 Nc8+ 82. Ke6 1/2-1/2

[Event "January 9 Early 2024"]
[Site "https://www.chess.com"]
[Date "2024.01.11"]
[Round "9"]
[White "Tuncer, Tuna"]
[Black "Schnaider, Ilan"]
[Result "1-0"]
[Board "218"]
[TimeControl "180+1"]
[WhiteFideId "6349269"]
[BlackFideId "169013"]
[WhiteElo "2639"]
[BlackElo "2741"]
[WhiteTeam "TUR"]
[BlackTeam "ARG"]
[WhiteClock "0:00:12"]
[BlackClock "0:00:03"]

1. e4 c5 2. Nf3 d6 3. Bb5+ Bd7 4. Bxd7+ Qxd7 5. O-O Nf6 6. Re1 Nc6 7. c3 e6 8. d4 cxd4 9. cxd4 d5 10. e5 Ne4 11. Nbd2 Nxd2 12. Bxd2 Be7 13. Re3 O-O 14. Rd3 a5 15. h4 h6 16. Nh2 f5 17. exf6 Bxf6 18. Ng4 Bxd4 19. Bxh6 gxh6 20. Nxh6+ Kh8 21. Rxd4 Nxd4 22. Qxd4+ Qg7 23. Qxg7+ Kxg7 24. Ng4 Rf4 25. f3 Rh8 26. Re1 Kf7 27. Rc1 Rb4 28. Rc7+ Kg6 29. b3 Rxh4 30. Re7 Rb6 31. Kf2 d4 32. Rd7 Rb4 33. Kg3 Rh1 34. Ne5+ Kf5 35. Nd3 Rb5 36. Rxd4 Rd5 37. Rf4+ Kg6 38. Nf2 Ra1 39. Ng4 Rd2 40. Rf6+ Kg7 41. Rxe6 Raxa2 42. Ne3 b5 43. Rb6 b4 44. Kf4 Rd3 45. g4 Rxb3 46. Nf5+ Kf7 47. g5 Rf2 48. g6+ Ke8 49. Rb8+ Kd7 50. Nh4 Rf1 51. g7 Rg1 52. g8=Q Rxg8 53. Rxg8 a4 54. Ra8 a3 55. Kg5 Rb2 56. f4 a2 57. f5 b3 58. f6 Rb1 59. f7 Rg1+ 60. Kf6 a1=Q+ 61. Rxa1 Rxa1 62. f8=Q b2 63. Qe7+ Kc6 64. Qe6+ Kb7 65. Qb3+ Kc8 66. Qxb2 Ra6+ 67. Kg5 Ra5+ 68. Nf5 Kc7 69. Qg7+ Kc6 70. Qc3+ Kb6 71. Qb4+ Rb5 72. Qd6+ Kb7 73. Kf4 Rb6 74. Qd7+ Ka6 75. Nd6 Rb4+ 76. Ke5 Kb6 77. Qd8+ Kc6 78. Qc8+ Kb6 79. Nc4+ Kb5 80. Kd5 Ka4 81. Qa6+ Kb3 82. Qa3+ Kc2 83. Qxb4 Kd3 84. Qd2# 1-0

[Event "January 9 Early 2024"]
[Site "https://www.chess.com"]
[Date "2024.01.11"]
[Round "9"]
[White "Mizzi, Jack"]
[Black "Shkapenko, Pavel"]
[Result "1/2-1/2"]
[Board "219"]
[TimeControl "180+1"]
[WhiteFideId "5602521"]
[BlackFideId "4151933"]
[WhiteElo "2503"]
[BlackElo "2731"]
[WhiteTeam "MLT"]
[BlackTeam "FID"]
[WhiteClock "0:00:04"]
[BlackClock "0:00:20"]

1. d4 Nf6 2. c4 e6 3. g3 Bb4+ 4. Nd2 O-O 5. Bg2 d5 6. Qc2 b6 7. Nf3 Nbd7 8. O-O Re8 9. e4 Bb7 10. cxd5 exd5 11. e5 Bxd2 12. Nxd2 Ne4 13. Nxe4 dxe4 14. Bxe4 Bxe4 15. Qxe4 c5 16. Be3 Nf6 17. Qf3 cxd4 18. exf6 dxe3 19. fxe3 Qxf6 20. Qxf6 gxf6 21. Rxf6 Rxe3 22. Raf1 Rf8 23. R6f4 Re7 24. Rg4+ Kh8 25. Rf6 Re1+ 26. Kg2 Re2+ 27. Rf2 Rfe8 28. Rf4 Rxf2+ 29. Kxf2 Kg7 30. Rd4 Rc8 31. Rd2 Kf6 32. Kf3 Ke6 33. Kg4 Rc5 34. h4 h5+ 35. Kf4 f6 36. Re2+ Kf7 37. Rd2 Kg6 38. Rd7 Rc2 39. Rxa7 Rxb2 40. Ra6 Rb4+ 41. Kf3 Kf5 42. Ra3 Rc4 43. Rb3 Rc6 44. Rb5+ Kg6 45. a4 Rc3+ 46. Kf4 Rc4+ 47. Kf3 Rxa4 48. Rxb6 Ra5 49. Rb3 Kf5 50. Rc3 Rd5 51. Rb3 Rd1 52. Ra3 Rb1 53. Rc3 Rf1+ 54. Kg2 Re1 55. Kf3 Kg6 56. Rc5 Ra1 57. Rb5 Ra3+ 58. Kg2 Re3 59. Ra5 Re5 60. Ra8 Kf5 61. Kf3 Rb5 62. Rc8 Rb3+ 63. Kg2 Rb4 64. Kf3 Rb3+ 65. Kg2 Re3 66. Rc5+ Re5 67. Rc4 Re4 68. Rc5+ Kg4 69. Rc3 Re2+ 70. Kf1 Ra2 71. Rc6 Kxg3 72. Rxf6 Kxh4 73. Rg6 Kh3 74. Rg8 h4 75. Rg7 Kh2 76. Rg8 h3 77. Rg7 Rg2 78. Rh7 Rg5 79. Rh8 Rf5+ 80. Ke2 Rg5 81. Kf2 Rg2+ 82. Kf1 Rg4 83. Kf2 Rf4+ 84. Ke3 Rf7 85. Rg8 Kh1 86. Rg6 Rf1 87. Rg8 Rg1 88. Rh8 Kg2 89. Rg8+ Kh2 90. Rh8 Rg2 91. Kf3 Rd2 92. Rh7 Rd3+ 93. Kf2 Rb3 94. Rg7 Rb2+ 95. Kf1 Rg2 96. Rh7 Rg5 97. Rh8 Rf5+ 98. Ke2 Rf4 99. Ke3 Kg2 100. Kxf4 h2 101. Rg8+ Kf2 102. Rh8 Kg2 103. Rxh2+ Kxh2 1/2-1/2

[Event "January 9 Early 2024"]
[Site "https://www.chess.com"]
[Date "2024.01.11"]
[Round "9"]
[White "Aravindh, Chithambaram VR."]
[Black "Samunenkov, Ihor"]
[Result "1-0"]
[Board "220"]
[TimeControl "180+1"]
[WhiteFideId "5072786"]
[BlackFideId "14187086"]
[WhiteElo "2929"]
[BlackElo "2773"]
[WhiteTeam "IND"]
[BlackTeam "UKR"]
[WhiteClock "0:00:05"]
[BlackClock "0:00:01"]

1. b3 d5 2. Bb2 c5 3. Nf3 Nf6 4. e3 g6 5. c4 dxc4 6. Bxc4 Bg7 7. O-O O-O 8. Nc3 Nc6 9. Rc1 b6 10. Be2 Bb7 11. Nb5 a6 12. Nc3 e6 13. Na4 Ne7 14. d4 cxd4 15. Bxd4 b5 16. Nc5 Bd5 17. a4 bxa4 18. bxa4 Bxf3 19. Bxf3 Nfd5 20. Bxg7 Kxg7 21. Qd4+ Kg8 22. e4 Nb6 23. Qa1 a5 24. Rfd1 Qe8 25. Rb1 Rc8 26. Qd4 Nc6 27. Qf6 Nb4 28. Nb7 Nc4 29. Nxa5 Qxa4 30. Nxc4 Rxc4 31. h4 h5 32. Rd6 Qc2 33. Rbd1 Qc3 34. Qg5 Qg7 35. Rd7 Rcc8 36. Rb7 Nc6 37. g3 Ne5 38. Bg2 Ng4 39. f3 Ne5 40. Qe3 Rcd8 41. Re1 Nd3 42. Rf1 Qd4 43. Qxd4 Rxd4 44. Rd1 Rfd8 45. Rbb1 Ne5 46. Rxd4 Rxd4 47. Rb5 Nd7 48. Bf1 Rd2 49. Rb7 Ne5 50. Rb3 Kg7 51. Bb5 Rd1+ 52. Kf2 Rd8 53. Be2 Rd2 54. Ke3 Rd8 55. Rb5 Nc6 56. Rc5 Nd4 57. Bf1 Rd7 58. Rc8 e5 59. Rc5 Kf6 60. f4 exf4+ 61. gxf4 Ne6 62. Rc6 Kg7 63. Bh3 Re7 64. Bxe6 fxe6 65. Kd4 Kf6 66. Rc8 Rd7+ 67. Ke3 Rd1 68. Rc7 Rh1 69. Kf3 Rf1+ 70. Kg3 e5 71. Rc6+ Kf7 72. fxe5 Re1 73. Kf4 Rf1+ 74. Kg5 Rg1+ 75. Kh6 Rg4 76. Rf6+ Ke7 77. Rxg6 Rxh4 78. Kg5 Rxe4 79. Kf5 Re1 80. Rg7+ Ke8 81. Ra7 h4 82. Rh7 h3 83. Rxh3 Ra1 84. Rh8+ Ke7 85. Rh7+ Ke8 86. Kf6 Rf1+ 87. Ke6 Kf8 88. Rh8+ Kg7 89. Ra8 Re1 90. Rb8 Re2 91. Re8 Re1 92. Kd7 Rd1+ 93. Ke7 Ra1 94. Rd8 Ra7+ 95. Rd7 Ra8 96. Rd8 Ra7+ 97. Ke8 Kg6 98. Rd6+ Kf5 99. e6 Ra8+ 100. Kf7 Ke5 101. Rd1 1-0

[Event "January 9 Early 2024"]
[Site "https://www.chess.com"]
[Date "2024.01.11"]
[Round "9"]
[White "Yushko, Olga"]
[Black "Smirnov, Timofey"]
[Result "0-1"]
[Board "221"]
[TimeControl "180+1"]
[WhiteFideId "14114500"]
[BlackFideId "24176427"]
[WhiteElo "2094"]
[BlackElo "2002"]
[WhiteTeam "UKR"]
[BlackTeam "RUS"]
[WhiteClock "0:00:05"]
[BlackClock "0:00:02"]

1. d4 d5 2. c4 c6 3. Nc3 Nf6 4. cxd5 cxd5 5. Nf3 Nc6 6. Bf4 a6 7. e3 Bg4 8. Be2 Bxf3 9. Bxf3 e6 10. O-O Bd6 11. Bg5 h6 12. Bh4 Be7 13. Rb1 O-O 14. a3 b5 15. Rc1 Na5 16. Bxf6 Bxf6 17. e4 dxe4 18. Nxe4 Rb8 19. Nc5 Rb6 20. b4 Nc4 21. Rxc4 bxc4 22. d5 exd5 23. Qxd5 Qxd5 24. Bxd5 Rd8 25. Bxc4 a5 26. bxa5 Rc6 27. Nb7 Rxc4 28. Nxd8 Bxd8 29. a6 Ra4 30. Rd1 Be7 31. Rd7 Rxa3 32. g3 Bc5 33. Kg2 Rxa6 34. Rd2 Rf6 35. Re2 Re6 36. Rc2 Bb4 37. Rb2 Be1 38. Rc2 Kh7 39. Kf1 Bb4 40. Kg2 f6 41. Rb2 Bc5 42. Rc2 Bd4 43. Rd2 Ba1 44. Ra2 Re1 45. Kf3 Bd4 46. Kg2 Be5 47. Rc2 Rd1 48. Kf3 Rb1 49. Kg2 Rb2 50. Rc4 Ra2 51. Kf3 Kg6 52. Ke3 Ra8 53. Rc2 Re8 54. Kf3 h5 55. Kg2 Bd6 56. h4 Re5 57. Kf3 Rf5+ 58. Kg2 Be5 59. Rd2 Bc3 60. Rc2 Be1 61. Re2 Ba5 62. Ra2 Bb6 63. Rb2 Bc7 64. Rc2 Bd6 65. Rd2 Be5 66. Re2 Bc3 67. Rc2 Rc5 68. Ra2 Bd4 69. Rd2 Kf5 70. Rxd4 Re5 71. Rf4+ Kg6 72. Kf3 Re6 73. Ra4 Re5 74. Ra7 Rf5+ 75. Ke3 Re5+ 76. Kf4 Rf5+ 77. Ke3 Re5+ 78. Kf3 Rf5+ 79. Kg2 Rb5 80. Ra2 Rc5 81. Rd2 Re5 82. Rd7 Rf5 83. f3 Re5 84. g4 hxg4 85. fxg4 Re4 86. Kf3 Ra4 87. Rd8 Ra3+ 88. Kf4 Ra4+ 89. Kg3 Ra3+ 90. Kf2 Ra2+ 91. Ke3 Ra3+ 92. Kf4 Ra4+ 93. Kf3 Ra3+ 94. Ke2 Ra2+ 95. Ke3 Ra3+ 96. Ke4 Ra4+ 97. Rd4 Rxd4+ 98. Kxd4 f5 99. gxf5+ Kxf5 100. Ke3 Kg4 101. Kf2 Kxh4 102. Kg1 Kg3 103. Kh1 g6 104. Kg1 g5 105. Kh1 g4 106. Kg1 Kh3 107. Kf2 Kh2 0-1

[Event "January 9 Early 2024"]
[Site "https://www.chess.com"]
[Date "2024.01.11"]
[Round "10"]
[White "Rakitin, Daniil"]
[Black "Makaraci, Tunahan"]
[Result "1/2-1/2"]
[Board "1"]
[TimeControl "180+1"]
[WhiteFideId "24219762"]
[BlackFideId "6356559"]
[WhiteElo "2678"]
[BlackElo "2558"]
[WhiteTeam "RUS"]
[BlackTeam "TUR"]
[WhiteClock "0:02:10"]
[BlackClock "0:02:54"]

1. e4 c5 2. Nf3 Nc6 3. Bb5 d6 4. O-O Bd7 5. Re1 Nf6 6. c3 a6 7. Bf1 Bg4 8. h3 Bxf3 9. Qxf3 e6 10. Qg3 Nh5 11. Qf3 Nf6 12. Qg3 Nh5 13. Qf3 Nf6 1/2-1/2

[Event "January 9 Early 2024"]
[Site "https://www.chess.com"]
[Date "2024.01.11"]
[Round "10"]
[White "Lopez Idarraga, Daniel Eduardo"]
[Black "Tulchynskyi, Feliks"]
[Result "0-1"]
[Board "2"]
[TimeControl "180+1"]
[WhiteFideId "4405501"]
[BlackFideId "34127895"]
[WhiteElo "2423"]
[BlackElo "2570"]
[WhiteTeam "COL"]
[BlackTeam "UKR"]
[WhiteClock "0:02:40"]
[BlackClock "0:02:19"]

1. e4 Nf6 2. e5 Nd5 3. c4 Nb6 4. d4 d6 5. exd6 cxd6 6. Nc3 g6 7. Be3 Bg7 8. Rc1 O-O 9. b3 Nc6 10. Nf3 Bg4 11. Be2 Bxf3 12. Bxf3 e5 13. dxe5 dxe5 14. c5 Nc8 15. O-O N8e7 16. Nd5 Nxd5 17. Bxd5 Kh8 18. f4 exf4 19. Bxf4 Bd4+ 0-1

[Event "January 9 Early 2024"]
[Site "https://www.chess.com"]
[Date "2024.01.11"]
[Round "10"]
[White "Gokerkan, Cem Kaan"]
[Black "Vela Frago, Alberto"]
[Result "1-0"]
[Board "3"]
[TimeControl "180+1"]
[WhiteFideId "6336760"]
[BlackFideId "24531685"]
[WhiteElo "2811"]
[BlackElo "2404"]
[WhiteTeam "TUR"]
[BlackTeam "ESP"]
[WhiteClock "0:02:05"]
[BlackClock "0:01:52"]

1. e4 e5 2. Nf3 Nc6 3. Bc4 Nf6 4. d4 exd4 5. e5 d5 6. Bb5 Ne4 7. Nxd4 Bd7 8. Bxc6 bxc6 9. O-O Nc5 10. f4 Be7 11. f5 Bg5 12. e6 fxe6 13. Qh5+ Ke7 14. Bxg5+ Kd6 1-0

[Event "January 9 Early 2024"]
[Site "https://www.chess.com"]
[Date "2024.01.11"]
[Round "10"]
[White "Arslanov, Shamil"]
[Black "Liu, Casper"]
[Result "0-1"]
[Board "4"]
[TimeControl "180+1"]
[WhiteFideId "4192826"]
[BlackFideId "1454153"]
[WhiteElo "2619"]
[BlackElo "2516"]
[WhiteTeam "RUS"]
[BlackTeam "DEN"]
[WhiteClock "0:01:39"]
[BlackClock "0:02:17"]

1. d4 Nf6 2. f3 d5 3. e4 dxe4 4. Nc3 g6 5. Bg5 Bg7 6. Qd2 O-O 7. O-O-O c5 8. d5 exf3 9. Nxf3 Bg4 10. Be2 b5 11. h3 b4 12. hxg4 bxc3 13. Qxc3 Nxg4 14. Qc4 Nf2 15. Qe4 Nxe4 16. Bh6 Nf2 17. Bxg7 Kxg7 18. Ng5 h6 0-1

[Event "January 9 Early 2024"]
[Site "https://www.chess.com"]
[Date "2024.01.11"]
[Round "10"]
[White "Mendez Fortes, Eduardo Jesus"]
[Black "Domingo Nunez, Alejandro"]
[Result "1-0"]
[Board "5"]
[TimeControl "180+1"]
[WhiteFideId "3502376"]
[BlackFideId "22245561"]
[WhiteElo "2562"]
[BlackElo "2667"]
[WhiteTeam "CUB"]
[BlackTeam "ESP"]
[WhiteClock "0:02:39"]
[BlackClock "0:01:06"]

1. e4 g6 2. d4 Bg7 3. Nc3 c6 4. f4 d5 5. e5 Nh6 6. Nf3 f6 7. Bd3 Bg4 8. h3 Bxf3 9. Qxf3 O-O 10. h4 fxe5 11. dxe5 Nd7 12. Qg3 Nf5 13. Bxf5 Rxf5 14. Ne2 Qb6 15. h5 Rxh5 16. Rxh5 Qg1+ 17. Nxg1 1-0

[Event "January 9 Early 2024"]
[Site "https://www.chess.com"]
[Date "2024.01.11"]
[Round "10"]
[White "de Lisle, Sarah"]
[Black "Babayeva, Nasrin"]
[Result "1-0"]
[Board "8"]
[TimeControl "180+1"]
[WhiteFideId "402605"]
[BlackFideId "13416626"]
[WhiteElo "1958"]
[BlackElo "1834"]
[WhiteTeam "ENG"]
[BlackTeam "AZE"]
[WhiteClock "0:01:46"]
[BlackClock "0:01:43"]

1. e4 Nc6 2. Nc3 e6 3. d4 Bb4 4. Nf3 Nf6 5. e5 Ne4 6. Bd2 Nxd2 7. Qxd2 d5 8. a3 Bxc3 9. Qxc3 O-O 10. Be2 f6 11. O-O f5 12. Qd2 Bd7 13. c4 Qe8 14. b4 a6 15. a4 Qe7 16. b5 axb5 17. axb5 Nb4 18. Rab1 Na2 19. Rb2 Qa3 20. Ra1 1-0

[Event "January 9 Early 2024"]
[Site "https://www.chess.com"]
[Date "2024.01.11"]
[Round "10"]
[White "Thake, Conrad"]
[Black "Terziev, Dimo"]
[Result "0-1"]
[Board "9"]
[TimeControl "180+1"]
[WhiteFideId "5602947"]
[BlackFideId "2925397"]
[WhiteElo "1854"]
[BlackElo "2159"]
[WhiteTeam "MLT"]
[BlackTeam "BUL"]
[WhiteClock "0:01:24"]
[BlackClock "0:02:14"]

1. e4 c5 2. Nf3 d6 3. Bb5+ Bd7 4. Bxd7+ Nxd7 5. O-O Ngf6 6. Re1 e6 7. Nc3 Be7 8. d4 cxd4 9. Nxd4 a6 10. Bg5 O-O 11. Nf3 Rc8 12. e5 Nxe5 13. Nxe5 dxe5 14. Qxd8 Rfxd8 15. Rxe5 h6 16. Bf4 Bd6 17. Rae1 Bxe5 18. Bxe5 Rd2 19. Bxf6 gxf6 20. Ne4 Rdxc2 21. Nxf6+ Kg7 22. Ne4 Rxb2 23. a4 Rcc2 24. Kf1 Ra2 25. g3 f5 0-1

[Event "January 9 Early 2024"]
[Site "https://www.chess.com"]
[Date "2024.01.11"]
[Round "10"]
[White "Toktomushev, Teimur"]
[Black "Quirke, Jeffrey"]
[Result "1-0"]
[Board "10"]
[TimeControl "180+1"]
[WhiteFideId "14176726"]
[BlackFideId "2013029"]
[WhiteElo "2454"]
[BlackElo "2138"]
[WhiteTeam "UKR"]
[BlackTeam "USA"]
[WhiteClock "0:02:25"]
[BlackClock "0:00:56"]

1. d4 Nf6 2. c4 g6 3. Nc3 Bg7 4. e4 d6 5. f3 O-O 6. Be3 Nc6 7. Nge2 a6 8. Qd2 Na5 9. Nc1 Nd7 10. Nb3 c5 11. dxc5 Nxb3 12. axb3 Nxc5 13. Ra3 Be6 14. Be2 b5 15. b4 Nd7 16. cxb5 axb5 17. Nxb5 Ne5 18. Nd4 Nc4 19. Nxe6 Nxd2 20. Nxd8 Rxa3 21. bxa3 1-0

[Event "January 9 Early 2024"]
[Site "https://www.chess.com"]
[Date "2024.01.11"]
[Round "10"]
[White "Radibratovic, Predrag"]
[Black "Iskusnyh, Sergei"]
[Result "0-1"]
[Board "11"]
[TimeControl "180+1"]
[WhiteFideId "902012"]
[BlackFideId "4120027"]
[WhiteElo "2503"]
[BlackElo "2675"]
[WhiteTeam "SRB"]
[BlackTeam "RUS"]
[WhiteClock "0:02:13"]
[BlackClock "0:01:17"]

1. d4 d5 2. Bf4 Nf6 3. e3 c5 4. c3 Nc6 5. Nd2 cxd4 6. cxd4 Bf5 7. Ngf3 e6 8. Be2 Be7 9. O-O O-O 10. h3 Qa5 11. a3 Rfc8 12. b4 Qd8 13. Rc1 Ne4 14. Qb3 Bd6 15. Bxd6 Nxd6 16. Rc3 b5 17. Rfc1 Nc4 18. a4 a6 19. a5 Qd6 20. Nxc4 dxc4 21. Qa3 Qxb4 22. Qa1 Qxa5 23. Ne5 Qxa1 24. Rxa1 Nxe5 25. dxe5 f6 26. exf6 gxf6 27. f3 e5 28. e4 Be6 0-1

[Event "January 9 Early 2024"]
[Site "https://www.chess.com"]
[Date "2024.01.11"]
[Round "10"]
[White "Bacrot, Etienne"]
[Black "Sanal, Vahap"]
[Result "1-0"]
[Board "12"]
[TimeControl "180+1"]
[WhiteFideId "605506"]
[BlackFideId "6300545"]
[WhiteElo "2858"]
[BlackElo "2919"]
[WhiteTeam "FRA"]
[BlackTeam "TUR"]
[WhiteClock "0:01:52"]
[BlackClock "0:01:16"]

1. e4 c5 2. Nf3 e6 3. c3 d5 4. e5 d4 5. d3 Nc6 6. g3 Nge7 7. Bg2 Ng6 8. Qe2 Qc7 9. O-O dxc3 10. Nxc3 a6 11. Re1 Be7 12. h4 Nd4 13. Nxd4 cxd4 14. Ne4 Nxe5 15. Bf4 Qa5 16. Qh5 Nc6 17. Nd6+ 1-0

[Event "January 9 Early 2024"]
[Site "https://www.chess.com"]
[Date "2024.01.11"]
[Round "10"]
[White "Sava, Ana-Maria"]
[Black "Nikulina, Alena"]
[Result "0-1"]
[Board "13"]
[TimeControl "180+1"]
[WhiteFideId "1213504"]
[BlackFideId "4172051"]
[WhiteElo "1830"]
[BlackElo "2120"]
[WhiteTeam "ROU"]
[BlackTeam "RUS"]
[WhiteClock "0:01:36"]
[BlackClock "0:01:43"]

1. e4 c5 2. d4 cxd4 3. Qxd4 Nc6 4. Qe3 Nf6 5. Bd3 e6 6. Nc3 Bb4 7. Bd2 O-O 8. h3 d5 9. exd5 Nxd5 10. Nxd5 Bxd2+ 11. Qxd2 Qxd5 12. Nf3 Ne5 13. Nxe5 Qxe5+ 14. Qe2 Qxb2 15. O-O b6 16. Qe4 f5 17. Qxa8 e5 18. Qd5+ Kh8 19. Qxe5 Qxe5 20. Rae1 Qd5 21. Re7 Bb7 22. f3 Qc5+ 23. Kh2 Qxe7 0-1

[Event "January 9 Early 2024"]
[Site "https://www.chess.com"]
[Date "2024.01.11"]
[Round "10"]
[White "Garbarino, Rodolfo"]
[Black "Maksimovic, Bojan"]
[Result "0-1"]
[Board "14"]
[TimeControl "180+1"]
[WhiteFideId "100412"]
[BlackFideId "14408120"]
[WhiteElo "2374"]
[BlackElo "2847"]
[WhiteTeam "ARG"]
[BlackTeam "BIH"]
[WhiteClock "0:00:16"]
[BlackClock "0:02:48"]

1. e4 g6 2. d4 Nf6 3. e5 Nh5 4. Nf3 d6 5. Bc4 Nc6 6. exd6 cxd6 7. h3 d5 8. Bd3 Bg7 9. c3 O-O 10. O-O e5 11. dxe5 Nxe5 12. Nxe5 Bxe5 13. Nd2 Nf4 14. Nf3 Bc7 15. Bc2 Qf6 16. Be3 Bf5 17. Bb3 Be4 18. Bd4 Nxh3+ 19. Kh1 Qf5 20. Ng1 Nf4 21. Nf3 Qh5+ 22. Kg1 Ne2+ 23. Qxe2 Bxf3 0-1

[Event "January 9 Early 2024"]
[Site "https://www.chess.com"]
[Date "2024.01.11"]
[Round "10"]
[White "Novak, Ratko"]
[Black "Bogumil, Tatiana"]
[Result "1-0"]
[Board "15"]
[TimeControl "180+1"]
[WhiteFideId "14511827"]
[BlackFideId "4110579"]
[WhiteElo "2407"]
[BlackElo "2119"]
[WhiteTeam "CRO"]
[BlackTeam "RUS"]
[WhiteClock "0:02:11"]
[BlackClock "0:00:46"]

1. d4 Nf6 2. c4 c5 3. dxc5 Na6 4. Be3 e6 5. a3 Nxc5 6. b4 Na6 7. Nc3 Be7 8. f3 O-O 9. Bf2 b6 10. e4 d6 11. Bd3 Bb7 12. Nge2 Nc7 13. O-O Nd7 14. f4 Bf6 15. Qb3 d5 16. cxd5 exd5 17. e5 Be7 18. Rad1 a5 19. Bb1 axb4 20. axb4 Ne6 21. Nxd5 Bxd5 22. Qxd5 Ra7 23. Qe4 Qc7 24. Qxh7# 1-0

[Event "January 9 Early 2024"]
[Site "https://www.chess.com"]
[Date "2024.01.11"]
[Round "10"]
[White "Ter-Sahakyan, Samvel"]
[Black "Tristan, Leonardo"]
[Result "1-0"]
[Board "16"]
[TimeControl "180+1"]
[WhiteFideId "13302531"]
[BlackFideId "113816"]
[WhiteElo "2918"]
[BlackElo "2751"]
[WhiteTeam "ARM"]
[BlackTeam "ARG"]
[WhiteClock "0:01:44"]
[BlackClock "0:01:08"]

1. d4 d5 2. c4 e6 3. Nc3 a6 4. cxd5 exd5 5. Nf3 Nf6 6. Bg5 Be6 7. Bxf6 Qxf6 8. Qb3 Ra7 9. h4 h6 10. e3 Qd8 11. Qc2 Nd7 12. Bd3 Be7 13. O-O-O b5 14. Kb1 c5 15. dxc5 Nxc5 16. Bf5 Qc8 17. Bxe6 fxe6 18. Qg6+ Kf8 19. Ne2 Qe8 20. Qg4 h5 21. Qd4 Rc7 22. Qf4+ 1-0

[Event "January 9 Early 2024"]
[Site "https://www.chess.com"]
[Date "2024.01.11"]
[Round "10"]
[White "Bournel, Antoine"]
[Black "Fier, Alexandr"]
[Result "1-0"]
[Board "17"]
[TimeControl "180+1"]
[WhiteFideId "26093553"]
[BlackFideId "2107139"]
[WhiteElo "2579"]
[BlackElo "2724"]
[WhiteTeam "FRA"]
[BlackTeam "BRA"]
[WhiteClock "0:00:20"]
[BlackClock "0:02:29"]

1. d4 b6 2. e4 Bb7 3. Bd3 f5 4. exf5 Bxg2 5. Qh5+ g6 6. fxg6 Bg7 7. gxh7+ Kf8 8. Nf3 Bxh1 9. hxg8=Q+ Kxg8 10. Qd5+ e6 11. Qxa8 Qf8 12. Nbd2 Rxh2 13. Qe4 Rh3 14. Qg4 Rxf3 15. Nxf3 Bxf3 16. Qh3 Qf6 17. Be3 Nc6 18. c3 Ne7 19. Kd2 Nd5 20. Rg1 Nxe3 21. fxe3 Kf8 22. Rf1 1-0

[Event "January 9 Early 2024"]
[Site "https://www.chess.com"]
[Date "2024.01.11"]
[Round "10"]
[White "Smirnov, Timofey"]
[Black "Cardozo Munar, Carlos Eduardo"]
[Result "0-1"]
[Board "18"]
[TimeControl "180+1"]
[WhiteFideId "24176427"]
[BlackFideId "4409477"]
[WhiteElo "1998"]
[BlackElo "2218"]
[WhiteTeam "RUS"]
[BlackTeam "COL"]
[WhiteClock "0:01:12"]
[BlackClock "0:01:47"]

1. d4 g6 2. e4 Bg7 3. Nc3 c5 4. Be3 Nc6 5. Nf3 cxd4 6. Nxd4 Nf6 7. Nxc6 bxc6 8. Qd2 O-O 9. Bc4 a5 10. a3 Ba6 11. Bxa6 Rxa6 12. Rd1 d5 13. exd5 cxd5 14. O-O e6 15. Bd4 Qb8 16. b3 Rc8 17. a4 Rac6 18. Nb5 Rxc2 19. Qxa5 Qf4 20. Be3 Qh4 21. Rc1 Ng4 22. h3 Rxc1 23. Rxc1 Rxc1+ 24. Bxc1 Qxf2+ 25. Kh1 Qf1# 0-1

[Event "January 9 Early 2024"]
[Site "https://www.chess.com"]
[Date "2024.01.11"]
[Round "10"]
[White "Cruz, William Ferreira Da"]
[Black "Shubenkova, Veronika"]
[Result "0-1"]
[Board "19"]
[TimeControl "180+1"]
[WhiteFideId "2118050"]
[BlackFideId "44124040"]
[WhiteElo "2352"]
[BlackElo "2604"]
[WhiteTeam "BRA"]
[BlackTeam "RUS"]
[WhiteClock "0:01:02"]
[BlackClock "0:02:04"]

1. d4 d5 2. c4 e6 3. Nc3 f5 4. cxd5 exd5 5. Bf4 Nf6 6. e3 c6 7. Nf3 Bd6 8. Bxd6 Qxd6 9. Ne5 O-O 10. Bd3 Ne4 11. O-O Nd7 12. f4 Nxe5 13. fxe5 Qh6 14. Bxe4 dxe4 15. Qe2 Be6 16. b4 b5 17. Rf4 Bc4 18. Qf2 Qe6 19. Qh4 a5 20. bxa5 Rxa5 21. g4 Raa8 22. gxf5 Rxf5 23. Nxe4 Raf8 24. Ng5 Qg6 25. Rg4 h5 26. Rg3 Rf1+ 27. Rxf1 Rxf1+ 28. Kg2 Qc2+ 29. Kh3 Qf5+ 30. Kg2 Rg1+ 31. Kxg1 Qf1# 0-1